[Event "Late-Titled-Tuesday-Blitz-August-29-2023"]
[Site "Chess.com"]
[Date "2023.08.29"]
[Round "1"]
[White "GMG"]
[Black "Ducke13"]
[Result "1-0"]
[WhiteElo "2744"]
[BlackElo "2425"]
[TimeControl "180+1"]
[EndTime "14:08:08 PDT"]
[Termination "GMG won by checkmate"]

1. d4 Nf6 2. c4 g6 3. Nf3 Bg7 4.
g3 c6 5. Bg2 d5 6. Qb3 a5 7.
Bf4 a4 8. Qc2 Bf5 9. Qc1 O-O 10.
O-O Na6 11. Nbd2 Ne4 12. Rd1 Nc7 13. Nh4 Ne6 14. Nxf5 Nxf4 15. gxf4 gxf5 16. e3 e6 17. Nxe4 fxe4 18. b4 axb3 19. axb3 f5 20. Rxa8 Qxa8 21.
c5 Qa2 22. Qb1 Ra8 23. Qxa2 Rxa2 24. Rb1 Bf8 25. b4 Ra8 26. b5 Kf7 27. Bf1 Rc8 28.
Ra1 Be7 29. Ra7 Rb8 30. b6 Ke8 31. Be2 Bd8 32. f3 Kd7 33. fxe4 dxe4 34. Bc4 Be7 35. Kf1 Bh4 36. Ba6 Kc8 37. Bc4 Kd7 38. Bb3 h6 39. Kg2 Be1 40. Ra2 Bc3 41. Kf2 Bb4 42. Ra1 Bc3 43. Rg1 Re8 44. Rg7+ Kc8 45. Rg6 Kb8 46.
Bxe6 Rf8 47. Rxh6 Bd2 48. Ke2 Bc1 49. h4 Bb2 50. h5 Bc1 51. Rg6 Rh8 52. h6 Bb2 53.
Rg8+ Rxg8 54. Bxg8 Kc8 55. h7 Bxd4 56. exd4 e3 57.
h8=Q Kd7 58. Qe5 Kd8 59. Kxe3 Kd7 60. d5 cxd5 61. Qxd5+ Kc8 62. Qxf5+ Kb8 63. Qe5+ Kc8 64. Be6+ Kd8 65. Qd6+ Ke8 66. Qd7+ Kf8 67. Qf7# 1-0

[Event "Late-Titled-Tuesday-Blitz-August-29-2023"]
[Site "Chess.com"]
[Date "2023.08.29"]
[Round "1"]
[White "platy3"]
[Black "HajiyevKanan"]
[Result "1-0"]
[WhiteElo "2926"]
[BlackElo "2491"]
[TimeControl "180+1"]
[EndTime "14:08:11 PDT"]
[Termination "platy3 won by resignation"]

1. e4 c6 2. Nf3 d5 3. Nc3 a6 4. d4 Bg4 5. h3 Bh5 6. Be2 e6 7. O-O Nf6 8. exd5 cxd5 9. Ne5 Bxe2 10.
Nxe2 Nc6 11. c3 Bd6 12. Bf4 O-O 13. Nd3 Ne4 14. f3 Bxf4 15. Nexf4 Ng3 16. Re1 Qg5 17.
Qc1 h5 18. Ne5 h4 19. Nxc6 bxc6 20. Nd3 Qg6 21. Qd2 Rfc8 22. Nc5 a5 23. b3 Ra7 24. Re5 Qf6 25. Rae1 Re7 26. Qd3 g6 27. Qa6 Rcc7 28.
Qxa5 Qf4 29. Qa3 Qd2 30. Qc1 Qxc1 31. Rxc1 Ra7 32. a4 f6 33. Ree1 Kf7 34. Kf2 e5 35. dxe5 fxe5 36. b4 Kf6 37. a5 Kf5 38. Rcd1 Kf4 39.
Rd2 g5 40. Rb2 Kf5 41. Rc2 Kf4 42. c4 d4 43. Nd3+ Kf5 44. Ra2 Reb7 45. Rxe5+ Kf6 46. Rc5 Nf5 47. Rxc6+ Kf7 48. b5 Ne3 49. a6 Re7 50. b6 Nd1+ 51. Kg1 Re1+ 52. Nxe1 Re7 53. Nd3 Re3 54. Rd2 Nc3 55. b7 Re8 56. Rc8 Re1+ 57.
Nxe1 1-0

[Event "Late-Titled-Tuesday-Blitz-August-29-2023"]
[Site "Chess.com"]
[Date "2023.08.29"]
[Round "1"]
[White "AryanTari"]
[Black "SHIVACalypso"]
[Result "1-0"]
[WhiteElo "2930"]
[BlackElo "2493"]
[TimeControl "180+1"]
[EndTime "14:08:16 PDT"]
[Termination "AryanTari won by resignation"]

1. b3 e5 2. Bb2 Nc6 3. c4 g6 4. h4 h6 5. Nc3 Bg7 6. d3 Nge7 7. e3 O-O 8. g4 d5 9. Bg2 d4 10. Nd5 Nxd5 11. cxd5 Ne7 12. e4 f5 13. gxf5 gxf5 14. Qh5 Qd6 15. Ne2 Qb4+ 16. Kd1 fxe4 17. Bxe4 Rxf2 18. Rg1 Bf5 19. Qxh6 Bg6 20. Rxg6 Nxg6 21.
Qxg6 Rf1+ 22. Kc2 Rxa1 23. Bxa1 Qe1 24. Qh7+ Kf8 25. Qf5+ Kg8 26. Qe6+ Kh8 27. Qg4 Qxa1 28. Qh5+ Kg8 29. Bh7+ Kf8 30. Qf5+ Ke7 31. Qe6+ Kf8 32. Qg8+ Ke7 33. Qxg7+ Kd6 34. Qf6+ Kc5 35. Qe7+ Kb6 36.
Qb4+ Ka6 37. Qa4+ Kb6 38. b4 a5 39. Be4 Qe1 40. Nc1 Qc3+ 41. Kb1 Qxb4+ 42. Qxb4+ axb4 43. h5 Rh8 44. Bg6 Kc5 45. Ne2 Kxd5 46. Ng3 b5 47. Bf7+ Kd6 48. Nf5+ Kd7 49. h6 c5 50. Kb2 c4 51. dxc4 bxc4 52. Bxc4 e4 53. Kc2 e3 54. Kd3 Re8 55. Ke2 Kc6 56. h7 Kc5 57. Bg8 Rd8 58. h8=Q d3+ 59. Kxe3 d2 60. Qe5+ Kb6 61. Qf6+ Kb5 62.
Qxd8 d1=Q 63. Qxd1 1-0

[Event "Late-Titled-Tuesday-Blitz-August-29-2023"]
[Site "Chess.com"]
[Date "2023.08.29"]
[Round "1"]
[White "Fh2411"]
[Black "mistrzemi"]
[Result "1/2-1/2"]
[WhiteElo "2629"]
[BlackElo "2341"]
[TimeControl "180+1"]
[EndTime "14:08:18 PDT"]
[Termination "Game drawn - insufficient material"]

1. d4 Nf6 2. c4 e6 3. Nc3 d5 4. Bg5 Be7 5. e3 O-O 6. Qc2 h6 7. Bh4 b6 8. cxd5 Nxd5 9. Bxe7 Qxe7 10. Nxd5 exd5 11. Rc1 c6 12. Nf3 Bb7 13. Bd3 Nd7 14. O-O Rac8 15. b3 c5 16. Qe2 Rc7 17. Bb1 Nf6 18.
Ne5 cxd4 19. exd4 Rxc1 20. Rxc1 Rc8 21. Rxc8+ Bxc8 22. Qc2 Be6 23. f3 Qb4 24. Qd1 Qc3 25.
Kf2 Qb2+ 26. Kg1 Nd7 27. Nc6 a5 28. Qc2 Qxc2 29. Bxc2 f6 30. Kf2 Kf7 31. Ke3 g5 32. g3 f5 33. Ne5+ Nxe5 34. dxe5 Ke7 35. f4 Kd7 36.
Kd4 Kc6 37. fxg5 hxg5 38. h4 f4 39. hxg5 fxg3 40. Ke3 Kc5 41. Kf3 g2 42. Kxg2 Kd4 43.
Bh7 Kxe5 44. Kf3 d4 45. Ke2 Kf4 46. g6 Ke5 47. g7 Kd5 48. Kd3 Kc5 49. g8=Q Bxg8 50.
Bxg8 Kb4 51. a4 b5 52. axb5 Kxb5 53. Kc2 a4 54. bxa4+ Kxa4 55. Kd3 Ka3 56. Kxd4 1/2-1/2

[Event "Late-Titled-Tuesday-Blitz-August-29-2023"]
[Site "Chess.com"]
[Date "2023.08.29"]
[Round "1"]
[White "Laico"]
[Black "zeitnot2006"]
[Result "0-1"]
[WhiteElo "2430"]
[BlackElo "2747"]
[TimeControl "180+1"]
[EndTime "14:08:19 PDT"]
[Termination "zeitnot2006 won on time"]

1. e4 c5 2. Nc3 Nc6 3. f4 g6 4.
Nf3 Bg7 5. Bb5 Nd4 6. O-O Nxb5 7.
Nxb5 d5 8. exd5 a6 9. Nc3 Nf6 10. d4 c4 11. Qe2 b5 12. Ne5 Bb7 13. a4 b4 14. Na2 Qxd5 15. Nxb4 Qxd4+ 16. Be3 Qe4 17. Rad1 O-O 18. Rd4 Qf5 19. Qxc4 Rac8 20. Qd3 a5 21.
Qxf5 gxf5 22. Nbd3 Rxc2 23. Rf2 Rxf2 24. Nxf2 Rc8 25.
Rc4 Rd8 26. Nc6 Bxc6 27. Rxc6 Nd5 28. Bd2 Bxb2 29. Bxa5 Ra8 30. Rc5 e6 31. g3 Bd4 32.
Rb5 Rc8 33. Rb1 Rc2 34. Be1 Ra2 35. a5 Ne3 36. Kh1 Nc2 37. Nd3 Nxe1 38. Rxe1 Rxa5 39. Re2 Ra3 40. Ne5 Kg7 41. Kg2 Kf6 42. Nf3 Bc3 43. Rc2 h6 44. Kf2 Bb4 45. Ke2 Ra1 46. Kf2 Ba5 47.
Kg2 Bb6 48. Re2 Ke7 49. Kh3 Rb1 50. Kg2 f6 51. Nh4 Kf7 52. Rc2 Bd4 53. Rd2 Be3 54.
Rd7+ Ke8 55. Rh7 Rb2+ 56. Kh3 Kf8 57. Rxh6 Kg7 58. Rg6+ Kf7 59. Rh6 Bg1 60. Nf3 Bf2 61. Nh4 Kg7 62. Rg6+ Kf7 63. Rh6 Bg1 64. Nf3 Be3 65. Nh4 Bd4 66. Rh7+ Ke8 67. Rd7 Bg1 0-1

[Event "Late-Titled-Tuesday-Blitz-August-29-2023"]
[Site "Chess.com"]
[Date "2023.08.29"]
[Round "1"]
[White "CheckThis4"]
[Black "Dzidzik2203"]
[Result "0-1"]
[WhiteElo "2629"]
[BlackElo "2361"]
[TimeControl "180+1"]
[EndTime "14:08:20 PDT"]
[Termination "Dzidzik2203 won by checkmate"]

1. d4 Nf6 2. Bg5 Ne4 3. Bf4 c5 4. f3 Nf6 5. dxc5 e6 6. Bd6 Bxd6 7.
cxd6 Qb6 8. e4 Qxb2 9. Nd2 Nc6 10. Rb1 Qc3 11. Bd3 Qc5 12. f4 e5 13. Ngf3 Ng4 14. Qe2 exf4 15. e5 Ne3 16. Rb5 Qc3 17. Rb3 Nxc2+ 18.
Bxc2 Qxc2 19. O-O O-O 20. Kh1 b6 21. Ne1 Qf5 22. Nd3 Nd4 23. Qd1 Nxb3 24. Nxb3 Ba6 25. Rf3 Bxd3 26. Rxd3 Qxe5 27. h3 Rfe8 28. Qg4 f5 29.
Qh5 g6 30. Qf3 Qe4 31. Nd2 Qxf3 32. Nxf3 Re3 33. Rd4 Re6 34. Ng5 Rf6 35. h4 h6 36.
Nh3 Rc8 37. Nxf4 Rc6 38. Nd5 Kf7 39. Nxf6 Kxf6 40. Kh2 Ke6 41. h5 g5 42. Ra4 a5 43.
Kg3 Rxd6 44. Ra3 Rd4 45. Rb3 Rd6 46. Kf3 Ke5 47. g3 Rc6 48. a4 d5 49. Ke2 d4 50. Rb5+ Ke4 51. Rb3 f4 52. gxf4 gxf4 53. Rh3 Rc2+ 54. Kd1 Rg2 55. Rb3 f3 56. Rxb6 Rg5 57.
Rxh6 Re5 58. Rf6 Ke3 59. h6 f2 60. h7 Rh5 61. Rf7 Rxh7 62. Rxh7 f1=Q+ 63. Kc2 Qd3+ 64. Kb2 Qxh7 65. Ka3 Qc7 66. Kb3 Qc3+ 67. Ka2 Qb4 68. Ka1 Kd2 69. Ka2 Kc2 70. Ka1 Qb2# 0-1

[Event "Late-Titled-Tuesday-Blitz-August-29-2023"]
[Site "Chess.com"]
[Date "2023.08.29"]
[Round "1"]
[White "mc4chess"]
[Black "zsoltkorpics"]
[Result "0-1"]
[WhiteElo "2627"]
[BlackElo "2388"]
[TimeControl "180+1"]
[EndTime "14:08:21 PDT"]
[Termination "zsoltkorpics won on time"]

1. c4 Nf6 2. Nc3 c5 3. g3 d5 4.
cxd5 Nxd5 5. Bg2 Nc7 6. Nf3 Nc6 7. d3 e5 8. b3 Be7 9. Bb2 O-O 10. Rc1 Be6 11.
Ne4 b6 12. Nxe5 Nxe5 13. Bxe5 Bd5 14. O-O Ne6 15. Bb2 Rc8 16. Nd2 Bxg2 17. Kxg2 Qd5+ 18. Kg1 Ng5 19. h4 Ne6 20. Nf3 Qf5 21. d4 Rfd8 22. Qc2 Qh3 23. dxc5 Bxc5 24. e3 Bxe3 25. Qe4 Qxg3+ 26.
Kh1 Qh3+ 27. Nh2 Bxc1 28. Bxc1 Rd4 29. Qb7 Rcd8 30. Qg2 Qxh4 31. Be3 Nf4 32. Qf3 Rb4 33. Rg1 Qh5 34. Qg3 Ng6 35. Qc7 Rf8 36. Rg5 Qh6 37. Rg4 Qh3 38. Rxb4 Nh4 39. Qg3 Qe6 40. Qxh4 Qd5+ 41. Re4 Qd1+ 42. Kg2 Qd5 43. Kh3 f5 44. Rf4 Qe6 45. Qg3 h6 46. Kg2 g5 47.
Rc4 Qd5+ 48. Qf3 Qd7 49. Qc6 Qf7 50. Qc7 Qh5 51. Rc6 f4 52. Qe5 f3+ 53. Kg1 Qh3 54. Qg7+ Kxg7 55. Rc7+ Kg6 56. Rc6+ Kh5 57. Nxf3 Rxf3 0-1

[Event "Late-Titled-Tuesday-Blitz-August-29-2023"]
[Site "Chess.com"]
[Date "2023.08.29"]
[Round "1"]
[White "BogdanDeac"]
[Black "Fan_Of_Chucky"]
[Result "1/2-1/2"]
[WhiteElo "3019"]
[BlackElo "2514"]
[TimeControl "180+1"]
[EndTime "14:08:23 PDT"]
[Termination "Game drawn by stalemate"]

1. b3 d6 2. Bb2 Nf6 3. d4 g6 4. Nf3 Bg7 5. g3 O-O 6. Bg2 Nbd7 7. O-O e5 8. dxe5 Ng4 9. Qc1 Ngxe5 10. c4 c6 11. Rd1 Qc7 12. Nc3 Rd8 13. Ne4 Nxf3+ 14.
exf3 Ne5 15. f4 f5 16. fxe5 fxe4 17. exd6 Rxd6 18. Bxg7 Rxd1+ 19. Qxd1 Qxg7 20. Qd8+ Qf8 21. Qxf8+ Kxf8 22. Bxe4 Be6 23. Rd1 Ke7 24. f3 a5 25.
a4 Ra6 26. Kf2 Rb6 27. Bc2 Bf5 28. Bxf5 gxf5 29. Rd3 Rb4 30. Ke3 b5 31. axb5 cxb5 32. cxb5 Rxb5 33. Kf4 Kf6 34. Rd6+ Kg7 35. Ra6 h6 36. h4 Kh7 37. Rf6 Rxb3 38. Rxf5 Rb4+ 39. Ke3 Rb3+ 40. Ke4 Rb4+ 41. Ke3 Rb3+ 42. Ke2 Rb2+ 43.
Kf1 a4 44. Ra5 Ra2 45. h5 Kg7 46. Ra6 a3 47. Kg1 Ra1+ 48. Kg2 a2 49. g4 Kh7 50. f4 Kg7 51. g5 hxg5 52. fxg5 Rb1 53. h6+ Kh7 54.
Rxa2 Rb5 55. Ra7+ Kh8 56. Rg7 Rb2+ 57. Kf3 Rf2+ 58. Kg4 Rf4+ 59. Kh5 Rh4+ 60. Kg6 Rxh6+ 61. Kf7 Rf6+ 62. gxf6 1/2-1/2

[Event "Late-Titled-Tuesday-Blitz-August-29-2023"]
[Site "Chess.com"]
[Date "2023.08.29"]
[Round "1"]
[White "dretch"]
[Black "cthulhuuu"]
[Result "1-0"]
[WhiteElo "2906"]
[BlackElo "2477"]
[TimeControl "180+1"]
[EndTime "14:08:23 PDT"]
[Termination "dretch won by resignation"]

1. d4 Nf6 2. c4 e5 3. dxe5 Ng4 4. Bf4 Nc6 5. Nf3 Bb4+ 6. Nbd2 Qe7 7. a3 Ncxe5 8. Nxe5 Nxe5 9. e3 Bc5 10. Ne4 Ng6 11. Nxc5 Nxf4 12. Qd4 O-O 13. O-O-O Ng6 14. h4 d6 15. Ne4 Ne5 16. h5 Nc6 17. Qd5 Be6 18. Qg5 Qxg5 19. Nxg5 h6 20. Nh3 b6 21. Nf4 Ne5 22. Nd5 Bxd5 23. cxd5 f5 24. Rh4 Rae8 25. Bb5 Re7 26. Rf4 g5 27. hxg6 Nxg6 28. Rf3 f4 29. Bd3 Ne5 30. Rxf4 Rxf4 31. exf4 Nxd3+ 32. Rxd3 Re4 33. g3 Kg7 34. Kd2 Kg6 35. Rc3 Re7 36. Re3 Rh7 37. Re6+ Kf5 38. f3 h5 39. Ke3 Rg7 40. Kf2 h4 41. gxh4 Kxf4 42.
h5 Rg5 43. Re4+ Kf5 44. Rh4 Rg8 45. h6 Ke5 46. h7 Rh8 47. Rh5+ Kd4 48. Kg3 a5 49.
Kg4 a4 50. Kf5 Kc4 51. Kf6 Kb3 52. Kg7 Rxh7+ 53. Rxh7 Kxb2 54. Kf6 Kxa3 55. Rxc7 b5 56. Ke6 b4 57. f4 b3 58. f5 b2 59. Rb7 Ka2 60.
f6 a3 61. f7 b1=Q 62. Rxb1 Kxb1 63. f8=Q a2 64. Qf1+ Kb2 65. Kxd6 1-0

[Event "Late-Titled-Tuesday-Blitz-August-29-2023"]
[Site "Chess.com"]
[Date "2023.08.29"]
[Round "1"]
[White "Ncatt"]
[Black "GM_shahin"]
[Result "1/2-1/2"]
[WhiteElo "2424"]
[BlackElo "2706"]
[TimeControl "180+1"]
[EndTime "14:08:25 PDT"]
[Termination "Game drawn - insufficient material"]

1. e4 c6 2. d4 d5 3. exd5 cxd5 4.
Bd3 Nc6 5. c3 g6 6. Nf3 Bf5 7. Be2 Nf6 8. O-O e6 9. Bf4 Bd6 10. Bxd6 Qxd6 11. Nbd2 h5 12. Re1 O-O-O 13. b4 Kb8 14. Nb3 Ne4 15. Rc1 g5 16. b5 g4 17.
bxc6 gxf3 18. Bxf3 Qxc6 19. c4 Ng5 20. cxd5 Nxf3+ 21. Qxf3 Qxd5 22. Qf4+ Qd6 23. Qxd6+ Rxd6 24. f3 b6 25. Rc3 a5 26. Rd1 Rc8 27. Rxc8+ Kxc8 28. Kf2 Kb7 29. Ke3 a4 30. Nd2 Rc6 31. h3 Rc2 32.
g4 Bg6 33. Ra1 b5 34. a3 Kc6 35. Ne4 hxg4 36. hxg4 Kd5 37. Rb1 Kc6 38. Kd3 Ra2 39. Rc1+ Kb6 40. Rc3 Ra1 41. Ke3 Rb1 42. Nd2 Rb2 43.
f4 Rc2 44. Rxc2 Bxc2 45. d5 exd5 46. Kd4 b4 47. axb4 a3 48. Kc3 a2 49. Kb2 Kb5 50. Kxa2 Kxb4 51. Kb2 Bd1 52. g5 d4 53. f5 Bh5 54.
Kc2 Bg4 55. f6 Bf5+ 56. Kd1 Kc3 57. Ke1 Kd3 58. Nf3 Ke4 59. Nh4 Be6 60. g6 fxg6 61. Nxg6 d3 62. Kd2 Kf5 63. Kxd3 Kxg6 64. Kd4 Kxf6 1/2-1/2

[Event "Late-Titled-Tuesday-Blitz-August-29-2023"]
[Site "Chess.com"]
[Date "2023.08.29"]
[Round "1"]
[White "korason34"]
[Black "ExchangeAB"]
[Result "1-0"]
[WhiteElo "2743"]
[BlackElo "2423"]
[TimeControl "180+1"]
[EndTime "14:08:26 PDT"]
[Termination "korason34 won by resignation"]

1. Nf3 d5 2. b3 c6 3. Bb2 Nf6 4. g3 Bf5 5. Bg2 e6 6. O-O h6 7. d3 Nbd7 8. Nbd2 Bh7 9. Re1 Be7 10. e4 O-O 11. Qe2 a5 12. a3 b5 13. Ne5 Nxe5 14.
Bxe5 Nd7 15. Bb2 Bf6 16. e5 Be7 17. h4 Nb6 18. Nf3 c5 19. Nh2 Qc7 20. Bc1 Rfc8 21. Bf4 Bf8 22. Ng4 c4 23. bxc4 bxc4 24. d4 c3 25. Rab1 Nc4 26. a4 Na3 27. Rbc1 Qc6 28. Ne3 Qxa4 29. Red1 Qb5 30. Qg4 Kh8 31. Bf1 Qd7 32.
Bd3 Bxd3 33. Rxd3 Nb5 34. Qf3 a4 35. Ng4 Qd8 36. Kg2 a3 37. Ra1 a2 38. Be3 Qe7 39.
Rdd1 Rc4 40. h5 Raa4 41. Qf4 Na3 42. Rdc1 Nb5 43. Rd1 Rcb4 44. Nh2 Rb2 45. Rdc1 Qg5 46. Qxf7 Qe7 47. Qf3 Nxd4 48. Bxd4 Rxd4 49. Qxc3 Qb4 50. Qf3 Kg8 51. c3 Qc4 52. cxd4 Qxd4 53. Rc8 Qb4 54. Nf1 d4 55. Qf4 d3 56. Kg1 Qa3 57. Qd4 Rb1 58. Rd8 Rxa1 59. Qxa1 d2 60. Rxd2 Bb4 61. Qxa2 Qxa2 62. Rxa2 Bc3 63. Re2 Kh7 64.
Kg2 g6 65. Kf3 gxh5 66. Ke4 Kg6 67. Re3 1-0

[Event "Late-Titled-Tuesday-Blitz-August-29-2023"]
[Site "Chess.com"]
[Date "2023.08.29"]
[Round "1"]
[White "2346PL"]
[Black "Genghis_K"]
[Result "0-1"]
[WhiteElo "2465"]
[BlackElo "2881"]
[TimeControl "180+1"]
[EndTime "14:08:34 PDT"]
[Termination "Genghis_K won on time"]

1. Nf3 Nf6 2. g3 g6 3. d4 Bg7 4. Bg2 O-O 5. O-O d6 6. c4 Nc6 7. Nc3 e5 8. dxe5 dxe5 9. Bg5 h6 10. Qxd8 Rxd8 11. Bxf6 Bxf6 12. Nd5 Kg7 13. Nxc7 Rb8 14. e4 Be6 15. Nd5 b5 16. Nxf6 Kxf6 17. cxb5 Rxb5 18.
b3 Rd6 19. h3 a5 20. Rfd1 Rxd1+ 21. Rxd1 a4 22. Bf1 Rb4 23. Rd6 axb3 24. axb3 Na5 25. Nd2 Ke7 26. Ra6 Nxb3 27. Nxb3 Rxb3 28. Bg2 Rb1+ 29. Kh2 Rb2 30. Kg1 h5 31. h4 Rb1+ 32.
Kh2 Re1 33. f4 Re2 34. fxe5 Bg4 35. Kg1 Re1+ 36. Kf2 Re2+ 37. Kf1 Rb2 38. Kg1 Rb5 39. Kf2 Rxe5 40. Ke3 Rb5 41. Kf4 Rb2 42. Bf3 Rf2 43.
Ra7+ Kf8 44. Ra3 Kg7 45. e5 Kh6 46. Ke4 Bf5+ 47. Ke3 Rb2 48. Bd5 Rb5 49. Kd4 Rb4+ 50. Kc5 Rb1 51. Bxf7 Re1 52. Kd6 Kg7 53. Ra7 Rd1+ 54.
Bd5+ Kh6 55. e6 Re1 56. e7 g5 57. Bc6 Bg6 58. Ra8 Rd1+ 59. Kc5 gxh4 60. gxh4 Rc1+ 61. Kb6 Rb1+ 62. Kc7 Rc1 63. e8=Q Bxe8 64. Rxe8 Rc4 65. Kd6 Rxh4 66. Ke5 Rg4 67. Be4 h4 0-1

[Event "Late-Titled-Tuesday-Blitz-August-29-2023"]
[Site "Chess.com"]
[Date "2023.08.29"]
[Round "1"]
[White "burbur555"]
[Black "Sacbutt"]
[Result "0-1"]
[WhiteElo "2544"]
[BlackElo "2234"]
[TimeControl "180+1"]
[EndTime "14:08:34 PDT"]
[Termination "Sacbutt won by resignation"]

1. c4 Nf6 2. g3 e6 3. Bg2 d5 4. Nf3 Be7 5. O-O O-O 6. d4 dxc4 7.
Na3 Nc6 8. Nxc4 Rb8 9. Bf4 Nb4 10. a3 Nbd5 11. Bd2 c5 12. dxc5 Bxc5 13. b4 Be7 14.
Rc1 b6 15. Nd4 Bb7 16. b5 Bc5 17. Nc6 Bxc6 18. bxc6 Qc7 19. e4 Ne7 20. Bf4 Qxc6 21. Bxb8 Rxb8 22. Qb3 Qc7 23. Nb2 Qb7 24. Nd3 Bd4 25.
Rc4 e5 26. Rfc1 Ne8 27. Nb4 Qd7 28. Nd5 Nxd5 29. exd5 Rd8 30. Qc2 g6 31. Rc8 Kg7 32. Rxd8 Qxd8 33. Qc6 Nd6 34. Rc2 Qf6 35. a4 h5 36. h4 Qf5 37. Re2 Qf6 38. Kh2 Bc5 39. f3 Qf5 40. a5 Qd3 41. Ra2 Qa6 42. Ra4 Qb7 43. Qxb7 Nxb7 44. axb6 axb6 45. Ra7 Nd6 46. Rc7 Nf5 47. f4 exf4 48. gxf4 Nxh4 49. Bh3 Nf3+ 50.
Kg3 Nd4 51. Rd7 Kf6 52. Bg2 Nf5+ 53. Kf3 Nd6 54. Bh3 Nb5 55. Rd8 Nd4+ 56. Ke4 Nb5 57.
Rd7 Nd6+ 58. Kd3 Nb5 59. Rb7 Nd6 60. Rb8 Nb5 61. Rd8 Nd6 62. Bd7 Ke7 63. Rh8 Kxd7 64.
Ke2 Ke7 65. Kf3 Kf6 66. f5 Nxf5 67. Re8 Nd6 68. Rd8 Ke5 69. Rd7 Kxd5 70. Kf4 Kc6 71. Ke5 Kxd7 72. Kd5 h4 0-1

[Event "Late-Titled-Tuesday-Blitz-August-29-2023"]
[Site "Chess.com"]
[Date "2023.08.29"]
[Round "1"]
[White "AlexOstrovskiy"]
[Black "ShrookWafa"]
[Result "1-0"]
[WhiteElo "2762"]
[BlackElo "2432"]
[TimeControl "180+1"]
[EndTime "14:08:36 PDT"]
[Termination "AlexOstrovskiy won by resignation"]

1. e4 c5 2. b3 Nc6 3. Bb2 d6 4. Bb5 Bd7 5. f4 e6 6. Nf3 Nf6 7. d3 Be7 8. O-O O-O 9. Nbd2 a6 10. Bxc6 Bxc6 11. Qe1 b5 12. e5 dxe5 13. Nxe5 Bb7 14. Qg3 Qd5 15. Rae1 Rad8 16. Ne4 c4 17. bxc4 bxc4 18.
Nxc4 Qf5 19. Ncd6 Rxd6 20. Nxd6 Bxd6 21. Re5 Bxe5 22. fxe5 Nh5 23. Qh4 Qg6 24. g4 f5 25.
Qxh5 Qxh5 26. gxh5 Bd5 27. c4 Bc6 28. Kf2 Rb8 29. Bc3 Kf7 30. Ke3 g6 31. hxg6+ hxg6 32.
h4 Rh8 33. Rf4 g5 34. hxg5 Kg6 35. Rd4 Rh3+ 36. Kd2 Rh2+ 37. Kc1 Rxa2 38. Rd6 Bf3 39. Bd2 Kf7 40. Rd7+ Ke8 41. Rd6 Ke7 42. g6 Bh5 43.
Bg5+ Kf8 44. Rxe6 Kg7 45. Rd6 Bxg6 46. e6 Re2 47. e7 Kf7 48. c5 f4 49. Rf6+ Kg7 50.
Rxf4 Bxd3 51. Rf8 Bb5 52. Bf6+ Kg6 53. Kd1 Re6 54. Bh4 Kh5 55. Rh8+ Kg6 56. Kd2 Kf7 57. Kc3 Re3+ 58. Kd4 Re2 59. Kd5 Rd2+ 60. Ke5 Re2+ 61. Kd6 Rd2+ 62. Kc7 Rc2 63. Rf8+ Kg7 64. Kb6 Re2 65. Bf6+ Kg6 66. Bh4 Re6+ 67. Kb7 Kg7 68. Kc7 Kg6 69. Kb7 Kg7 70. Rc8 Kf7 71. c6 Bc4 72.
Rf8+ Kg7 73. e8=Q 1-0

[Event "Late-Titled-Tuesday-Blitz-August-29-2023"]
[Site "Chess.com"]
[Date "2023.08.29"]
[Round "1"]
[White "Athanasios2"]
[Black "JerMorGurgeh"]
[Result "1-0"]
[WhiteElo "2714"]
[BlackElo "2416"]
[TimeControl "180+1"]
[EndTime "14:08:36 PDT"]
[Termination "Athanasios2 won on time"]

1. Nf3 Nf6 2. c4 c5 3. Nc3 e6 4.
e3 a6 5. Be2 d5 6. cxd5 exd5 7.
d4 c4 8. a4 Bb4 9. O-O Nc6 10.
Bd2 O-O 11. Qc2 g6 12. Rfd1 Bf5 13. Qc1 Na5 14. Ra3 Bxa3 15. bxa3 Nb3 16. Qb2 Nxd2 17. Nxd2 Rb8 18. Bf3 Qd7 19. a5 Bd3 20. g3 Rfe8 21. Qb4 Ne4 22. Bg2 Nxc3 23. Qxc3 Qb5 24. Ra1 b6 25. axb6 Rxb6 26. Rd1 Rd8 27. Bf3 Qb2 28. Qa5 Qb5 29. Qc3 a5 30. h4 h5 31.
Kg2 Kg7 32. g4 hxg4 33. Bxg4 Rh8 34. Rh1 a4 35. Bf3 Qd7 36. Qa5 Qb5 37. Qc3 Qb2 38. Qa5 Rb5 39. Qa6 c3 40. Nf1 Bxf1+ 41. Rxf1 c2 42. Qc6 Rb3 43. Qxd5 Re8 44. Qc6 Re6 45.
Qxa4 Rc3 46. d5 c1=Q 47. Rxc1 Rxc1 48. dxe6 fxe6 49. Qd7+ Kf6 50. Qd8+ Kg7 51. a4 Qf6 52. Qd7+ Kh6 53. a5 Ra1 54. Qb5 Qf5 55. Qe2 Rxa5 56. Bg4 Qf6 57. Kg3 Rc5 58. Qd2 Qe5+ 59. f4 Rd5 60.
Qc2 Qd6 61. Bf3 1-0

[Event "Late-Titled-Tuesday-Blitz-August-29-2023"]
[Site "Chess.com"]
[Date "2023.08.29"]
[Round "1"]
[White "Dr_crypt"]
[Black "bazar-wokzal"]
[Result "1-0"]
[WhiteElo "2319"]
[BlackElo "2585"]
[TimeControl "180+1"]
[EndTime "14:08:39 PDT"]
[Termination "Dr_crypt won on time"]

1. d4 Nf6 2. c4 Nc6 3. g3 e5 4. d5 Ne7 5. Bg2 Ng6 6. e4 Bc5 7. Ne2 d6 8. Nbc3 h5 9. h3 h4 10. g4 Bxg4 11. hxg4 Nxg4 12. Qa4+ Kf8 13. Rf1 h3 14.
Bf3 Nh2 15. Bh1 Qh4 16. b4 Bb6 17. c5 dxc5 18. bxc5 Bxc5 19. Ba3 Bxa3 20. Qxa3+ Kg8 21. Rg1 Ng4 22. Ng3 h2 23. Rf1 Nf4 24. Nce2 Rh6 25. Nf5 Qg5 26. Nxf4 Ra6 27. Ne7+ Kh8 28. Nh3 Qf6 29.
Qf3 Qxe7 30. Qxg4 Qb4+ 31. Ke2 Ra3 32. Rfd1 Qc4+ 33. Ke1 Qc3+ 34. Kf1 Qxh3+ 35. Qxh3+ Rxh3 36. Kg2 Rh4 37. f3 Rd8 38. Kg3 g5 39. Rd2 Rd6 40. Rxh2 Rxh2 41. Kxh2 c6 42. Rd1 cxd5 43. Rxd5 Rxd5 44.
exd5 Kg7 45. Kg3 f5 46. Bg2 Kf6 47. Bf1 Ke7 48. Bc4 Kd6 49. Kf2 b5 50. Bb3 a5 51.
a3 Kc5 52. Ke3 g4 53. fxg4 fxg4 54. Ke4 Kd6 55. Ba2 Kc5 56. Kxe5 g3 57. d6 g2 58. d7 g1=Q 59. d8=Q Qe3+ 60. Kf6 Qf2+ 61. Kg7 Qb2+ 62. Kf8 Qxa2 63. Qg5+ Kc6 64. Qf6+ 1-0

[Event "Late-Titled-Tuesday-Blitz-August-29-2023"]
[Site "Chess.com"]
[Date "2023.08.29"]
[Round "1"]
[White "MBA_CHESS_2021"]
[Black "ArtemDyachuk"]
[Result "0-1"]
[WhiteElo "2278"]
[BlackElo "2587"]
[TimeControl "180+1"]
[EndTime "14:08:40 PDT"]
[Termination "ArtemDyachuk won by checkmate"]

1. d4 Nf6 2. c4 e6 3. Nf3 c5 4. e3 cxd4 5. exd4 d5 6. Nc3 Bb4 7. Bd3 O-O 8. c5 b6 9. cxb6 axb6 10.
O-O Ba6 11. Bxa6 Nxa6 12. Nb5 Qd7 13. Qd3 Rfc8 14. Bf4 Rc4 15. a4 Qc8 16. b3 Rc2 17. Rac1 Rxc1 18. Rxc1 Qe8 19. Nc7 Nxc7 20. Rxc7 b5 21.
Qxb5 Qxb5 22. axb5 Bd6 23. g3 Bxc7 24. Bxc7 Ra3 25.
Nd2 Ra2 26. Bf4 Nd7 27. Kf1 f6 28. Ke1 e5 29. Be3 Ra5 30. dxe5 fxe5 31. f4 Rxb5 32.
fxe5 Nxe5 33. Kd1 Nc6 34. Kc2 Ra5 35. Kb2 Kf7 36. Nf3 Ke6 37. Bd2 Rb5 38. Ng5+ Kf5 39. Nxh7 Nd4 40. b4 Nc6 41. Kb3 d4 42. h3 Ke4 43.
Ng5+ Kd3 44. Bc1 Re5 45. Bf4 Re2 46. b5 Na5+ 47. Kb4 Nc4 48. Kc5 Rb2 49. Nf3 Ne3 50.
Nxd4 Ng2 51. Be5 Ke4 52. Nc6 Rc2+ 53. Kd6 Ne3 54. Bxg7 Nf5+ 55. Kd7 Nxg7 56. b6 Rd2+ 57. Ke7 Nf5+ 58. Kf6 Rd6+ 59. Kf7 Rxc6 60. g4 Nd6+ 61. Ke7 Rxb6 62. g5 Nf5+ 63. Kf7 Kf4 64. h4 Rb7+ 65.
Kf6 Nxh4 66. g6 Rb6+ 67. Kg7 Nxg6 68. Kf7 Kf5 69. Kg7 Rb7+ 70. Kh6 Rc7 71. Kh5 Rh7# 0-1

[Event "Late-Titled-Tuesday-Blitz-August-29-2023"]
[Site "Chess.com"]
[Date "2023.08.29"]
[Round "1"]
[White "ArmanGhevondyanchess"]
[Black "slidingknight2775"]
[Result "1/2-1/2"]
[WhiteElo "2211"]
[BlackElo "2548"]
[TimeControl "180+1"]
[EndTime "14:08:40 PDT"]
[Termination "Game drawn by agreement"]

1. Nf3 d5 2. g3 Nf6 3. Bg2 e6 4. O-O Be7 5. d4 O-O 6. c4 dxc4 7. Ne5 Nc6 8. Bxc6 bxc6 9. Nxc6 Qe8 10. Nxe7+ Qxe7 11. Qa4 e5 12. dxe5 Qxe5 13. Qxc4 Be6 14. Qc2 Bf5 15. Qd2 Rfe8 16. Nc3 Bh3 17. Re1 Rad8 18. Qf4 Qh5 19. Be3 c5 20. Qg5 a6 21. Qxh5 Nxh5 22. Rad1 c4 23. Rxd8 Rxd8 24. Rd1 Rxd1+ 25. Nxd1 Nf6 26.
f3 Bf5 27. Kf2 Nd5 28. Bd4 Bc2 29. Ne3 Nxe3 30. Kxe3 Bb1 31. a3 a5 32. Bc3 a4 33.
Kd4 Ba2 34. e4 Bb3 35. Kd5 Kf8 36. f4 g6 37. Kd6 h5 38. Ke5 Kg7 39. h3 Kf8 40. g4 hxg4 41. hxg4 Ke7 42. Bb4+ Ke8 43. f5 gxf5 44. exf5 Bd1 45. g5 Bc2 46. Kf6 Be4 47.
g6 fxg6 48. fxg6 Bd5 49. Kg7 Be4 50. Kf6 Bd3 51. Bc3 Be4 52. Kg7 Bd3 53. Bb4 Be4 54. Kh6 Bd3 55. Kg5 Bc2 56. Bc3 Bd3 57. g7 Kf7 58.
Kf4 Bc2 59. Ke3 Bb3 60. Kd4 Kg8 61. Kc5 Kf7 62. Kd6 Kg8 63. Ke7 Ba2 64. Bf6 Bb3 65. Kd6 Ba2 66. Kc5 Bb3 67. Kb5 Kf7 68. Kb4 Kg8 69.
Bc3 Ba2 70. Kc5 Bb3 71. Kd6 Kf7 72. Kd5 Kg8 73. Ke6 Ba2 74. Kf6 Bb3 75. Kg6 Ba2 76.
Kg5 Bb3 77. Kg4 Ba2 78. Kf3 Bb3 79. Ke3 Kf7 80. Kd4 Kg8 81. Kc5 Kf7 82. Kc6 Kg8 83.
Kd7 Ba2 84. Kd8 Bb3 85. Ke8 Ba2 1/2-1/2